 Dungeon Crawl Stone Soup version 0.18.1-48-g4cf74bf (webtiles) character file.

46 Alarkh the Cudgeler (level 3, 0/27 HPs)
             Began as a Mummy Skald on Aug 16, 2016.
             Slain by a centaur (4 damage)
             ... on level 2 of the Dungeon.
             The game lasted 00:02:17 (2158 turns).

Alarkh the Cudgeler (Mummy Skald)                   Turns: 2158, Time: 00:02:18

Health: 0/27       AC:  4    Str: 12    XL:     3   Next: 44%
Magic:  2/6        EV: 11    Int: 12    God:
Gold:   154        SH:  0    Dex: 11    Spells: 3 memorised, 0 levels left

rFire  x . .     SeeInvis .     a - +0 mace
rCold  + . .     Gourm    .     b - +0 leather armour
rNeg   + + +     Faith    .     (no shield)
rPois  ∞         Spirit   .     f - +0 helmet (curse)
rElec  .         Dismiss  .     (no cloak)
rCorr  .         Reflect  .     (no gloves)
SustAt .         Harm     .     (no boots)
MR     .....                    (no amulet)
Stlth  +.........               (no ring)
                                k - -3 ring of strength (curse)

@: infused, not resistant to hostile enchantments, very unstealthy
A: no food or potions, fire vulnerability, cold resistance 1, negative energy
resistance 3, torment resistance, unbreathing
a: no special abilities


You were on level 2 of the Dungeon.
You were not hungry.

You visited 1 branch of the dungeon, and saw 3 of its levels.

You collected 154 gold pieces.

Inventory:

Hand Weapons
 a - a +0 mace (weapon)
Armour
 b - a +0 leather armour (worn)
 f - a cursed +0 helmet (worn)
Jewellery
 k - a cursed -3 ring of strength (left hand)
Scrolls
 d - a scroll of teleportation
 e - a scroll of identify
 g - a scroll of amnesia
 h - a scroll of fear
 i - a scroll of noise {unknown}
 j - a scroll of fog {unknown}
Books
 c - a book of Battle

   Spells                             Type                      Level
   a - Infusion                       Charms                       1
   b - Shroud of Golubria             Charms/Translocation         2
   c - Song of Slaying                Charms                       2
   d - Spectral Weapon                Hexes/Charms                 3
   e - Regeneration                   Charms/Necromancy            3
 l - a Grand Grimoire

   Spells                             Type                      Level
   a - Monstrous Menagerie            Summoning                    7
   b - Summon Greater Demon           Summoning                    7
   c - Malign Gateway                 Summoning/Translocation      7
   d - Summon Horrible Things         Summoning                    8


   Skills:
 - Level 2.0 Fighting
 + Level 3.2 Maces & Flails
 - Level 0.7 Armour
 - Level 0.7 Dodging
 - Level 2.0 Spellcasting
 - Level 2.4 Charms


You couldn't memorise any spells.
You knew the following spells:

 Your Spells              Type           Power        Failure   Level  Hunger
a - Infusion              Chrm           #...         17%         1    N/A
b - Shroud of Golubria    Chrm/Tloc      #.........   34%         2    N/A
c - Spectral Weapon       Hex/Chrm       #.......     71%         3    N/A

Dungeon Overview and Level Annotations

Branches:
Dungeon (3/15)

Altars:
Qazlal
Xom
Zin


Innate Abilities, Weirdness & Mutations

You do not eat or drink.
Your flesh is vulnerable to fire.
You are immune to poison.
Your flesh is cold resistant.
You are immune to negative energy.
You are immune to unholy pain and torment.
You can survive without breathing.


Message History

The centaur barely misses you. The centaur hits you.
You hit the centaur.
The centaur is heavily wounded.
The centaur closely misses you. The centaur hits you.
You are too injured to fight recklessly!
You are too injured to fight recklessly!
You hit the centaur but do no damage.
The centaur is heavily wounded.
The centaur misses you. The centaur hits you!
* * * LOW HITPOINT WARNING * * *
You hit the centaur.
The centaur is heavily wounded.
The centaur closely misses you. The centaur barely misses you.
You hit the centaur!
The centaur is almost dead.
The centaur barely misses you.
You hit the centaur.
The centaur is almost dead.
The centaur hits you.
You die...

#.#### #.......# #..#.# #.#
#######.###....# #.### #.....#.##
....##### ###.###.# #.#.....#
####.###.# #.#.###.#
#......#.###### #...# #.#
#.##...#......# #
###.###.######.##...#..###.# #
.##............c@......###.######
....##########.##................
.#### #............###.######
....# #.##...<.....###.# # .##.#
##.#..............# # .##.#
#.(..♣...(#.##..#.# # ###(#
#....♣♣..>#.##..#.## ###.###
#.....)............#####
......####...#..##.#..#..##.#....


You could see a centaur.

Vanquished Creatures
  A worm (D:2)
  A dart slug (D:1)
  2 giant geckos (D:2)
  6 bats
  2 giant cockroaches
  3 goblins
  8 hobgoblins
  3 jackals (D:2)
  A quokka (D:2)
  A ball python (D:1)
  A giant newt (D:1)
  4 kobolds
  A rat (D:1)
34 creatures vanquished.

Notes
Turn   | Place    | Note
--------------------------------------------------------------
     0 | D:1      | Alarkh the Mummy Skald began the quest for the Orb.
     0 | D:1      | Reached XP level 1. HP: 16/16 MP: 3/3
   204 | D:1      | Reached skill level 2 in Maces & Flails
   514 | D:1      | Reached XP level 2. HP: 15/22 MP: 3/5
  1383 | D:2      | Reached XP level 3. HP: 27/27 MP: 3/6
  1406 | D:2      | Reached skill level 3 in Maces & Flails
  1433 | D:1      | Learned a level 2 spell: Shroud of Golubria
  1437 | D:1      | Learned a level 3 spell: Spectral Weapon
  1920 | D:2      | Found a stormy altar of Qazlal.
  1922 | D:2      | Noticed an angel
  1924 | D:2      | Found a shimmering altar of Xom.
  1924 | D:2      | Found a glowing silver altar of Zin.
  2147 | D:3      | Noticed a centaur
  2158 | D:2      | Slain by a centaur

Skill      XL: |  1  2  3 |
---------------+----------+-----
Maces & Flails | 2 3 |  3.2
Fighting       | |  2.0
Armour         | |  0.7
Dodging        | |  0.7
Spellcasting   | |  2.0
Charms         | |  2.4

Action                   || total
-------------------------++-------
Melee: Mace              ||   132
 Cast: Infusion          ||    14
  Use: Scroll            ||     3
 Stab: Sleeping          ||     1
Armor: Leather armour    ||    38
Dodge: Dodged            ||   104
